 Dungeon Sprint DCSS version 0.26-a0-1026-g544776af23 (webtiles) character file.

Game seed: 4720382623387297696

1890 sahdkjhfkaj the Arsonist (level 8, -5/57 HPs)
             Began as a Purple Draconian Fire Elementalist on Dec 9, 2020.
             Was a Believer of Makhleb.
             Slain by a +3 glaive of freezing (10 damage)
             ... in the Dungeon (Sprint V: "Ziggurat Sprint").
             The game lasted 00:00:58 (190 turns).

sahdkjhfkaj the Arsonist (DrFE)                      Turns: 190, Time: 00:00:59

Health: -5/57      AC:  6    Str: 11    XL:     8   Next: 92%
Magic:  7/22       EV: 12    Int: 17    God:    Makhleb [**....]
Gold:   0          SH:  0    Dex: 12    Spells: 21/27 levels left

rFire    . . .     SeeInvis .   A - +7 Screaming Sword {vorpal, sonic wave}
rCold    . . .     Faith    .   (no shield)
rNeg     . . .     Spirit   .   (armour unavailable)
rPois    .         Reflect  .   (helmet restricted)
rElec    .         Harm     .   (no cloak)
rCorr    .         Rampage  .   (no gloves)
Will     +....     NoTele   +   (no boots)
Stlth    ++........             (no amulet)
HPRegen  0.19/turn              (no ring)
MPRegen  0.18/turn              (no ring)

@: short of breath, slowed, very slow
A: breathe power, unfitting armour, cold-blooded, AC +6
a: Breathe Dispelling Energy, Minor Destruction, Renounce Religion


You were in the Dungeon.
You worshipped Makhleb.
Makhleb was pleased with you.
You visited 1 branch

Inventory:

Hand Weapons
 A - the +7 Screaming Sword (weapon) {vorpal, sonic wave}
   (You found it in the Dungeon)

   It inflicts extra damage upon your enemies.
Jewellery
 r - an uncursed ring of flight
 s - a +6 ring of dexterity
 t - a +6 ring of intelligence
 u - a +6 ring of dexterity
 v - a +6 ring of strength
 w - a +6 ring of strength
 T - a +6 ring of intelligence
Wands
 x - a wand of disintegration (7)
 y - a wand of iceblast (7) {@v4}
 z - a wand of acid (7) {@v2}
Scrolls
 g - 4 scrolls of blinking {@r4}
 l - 4 scrolls of amnesia
 m - 7 scrolls of fog
 n - a scroll of holy word
 o - 5 scrolls of identify {@r1}
 p - 5 scrolls of remove curse {@r2}
 q - 2 scrolls of fear
Potions
 a - 2 potions of brilliance
 b - 10 potions of curing {@q1}
 c - 7 potions of heal wounds {@q2}
 d - 5 potions of haste {@q3}
 e - 7 potions of magic
 f - 3 potions of berserk rage
 h - a potion of invisibility
 i - 3 potions of resistance {@q6}
 j - a potion of experience
 k - 4 potions of might {@q4}
Miscellaneous
 B - a lightning rod (4/4)


   Skills:
 - Level 1.7 Dodging
 - Level 1.7 Stealth
 - Level 10.0 Spellcasting
 * Level 12.6 Conjurations
 * Level 12.7 Fire Magic


You had 21 spell levels left.
You knew the following spells:

 Your Spells              Type           Power        Failure   Level
a - Foxfire               Conj/Fire      ####         1%          1
e - Fireball              Conj/Fire      ######....   1%          5

Your spell library contained the following spells:

 Spells                   Type           Power        Failure   Level
 Conjure Flame            Conj/Fire      ######..     1%          3
 Inner Flame              Hex/Fire       ####....     1%          3
 Sticky Flame             Conj/Fire      ######..     1%          4


Dungeon Overview and Level Annotations

Branches:
Dungeon (1/1)

Altars:
Ashenzari
Cheibriados
Dithmenos
Elyvilon
Fedhas
Gozag
Hepliaklqana
Kikubaaqudgha
Makhleb
Nemelex Xobeh
Okawaru
Qazlal
Ru
Sif Muna
Trog
Uskayaw
Vehumet
Wu Jian
Xom
Yredelemnul
Zin
The Shining One
Beogh
Jiyva
Lugonu

Annotations:
D 1 transporter


Innate Abilities, Weirdness & Mutations

You can breathe bolts of dispelling energy.
Your rich purple scales are hard. (AC +6)
You cannot fit into any form of body armour.
You are cold-blooded and may be slowed by cold attacks.


Message History

The deep elf mage casts a spell.
The +3 glaive of freezing hits you from afar!!
* * * LOW HITPOINT WARNING * * *
You feel as though you will be slow longer.
The +3 glaive of freezing freezes you.
* * * LOW HITPOINT WARNING * * *
You feel much better.
The deep elf mage mumbles some strange words.
The deep elf mage blinks!
The +3 glaive of freezing completely misses you.
Press: ? - help, Shift-Dir - straight line, f/p - +3 glaive of freezing
Aim: a +3 glaive of freezing (lightly damaged)
You breathe a bolt of dispelling energy.
The bolt of dispelling energy hits the +3 glaive of freezing!
The +3 glaive of freezing is moderately damaged.
The +3 glaive of freezing hits you from afar!!
Ouch! That really hurt!
* * * LOW HITPOINT WARNING * * *
The +3 glaive of freezing freezes you!
You die...

▓▓▓▓▓▓▓▓▓▓▓▓▓▓▓▓▓▓▓
▓.8©8.▓.8©8.▓.8©8.▓
▓.||}.▓.|)[.▓.....▓
▓..|..▓.....▓.[.}.▓
▓...).▓...).▓..†..▓
▓Ee(..▓.....▓.....▓
▓..§..▓.....▓..©..▓
▓.E@..▓..©..▓▓▓▓▓▓▓
▓▓▓▓▓▓▓▓▓▓▓▓▓


You could see 2 earth elementals, a deep elf mage and a +3 glaive of freezing.

Vanquished Creatures
  A deep elf knight (D)
  3 deep elf magi (D)
  An earth elemental (D)
  A bullfrog (D)
  A jackal (D)
7 creatures vanquished.

Notes
Turn   | Place    | Note
-------+----------+-------------------------------------------
     0 | D        | sahdkjhfkaj the Draconian Fire Elementalist began the quest
                  | for the Orb.
     0 | D        | Reached XP level 1. HP: 14/14 MP: 3/3
     0 | D        | Found a shimmering blue altar of Sif Muna.
     0 | D        | Found a sacrificial altar of Ru.
     0 | D        | Found a bloodstained altar of Trog.
     0 | D        | Found a stormy altar of Qazlal.
     0 | D        | Found an iron altar of Okawaru.
     0 | D        | Found a sparkling altar of Nemelex Xobeh.
     0 | D        | Found a blossoming altar of Fedhas.
     0 | D        | Banished a spatial maelstrom
     1 | D        | Found the +6 Majin-Bo {vamp, MP+6 Int+6}
     1 | D        | Found the +9 heavy crossbow "Sniper" {vorpal, Acc+∞ SInv}
     1 | D        | Found the +10 dark maul {vorpal}
     1 | D        | Found the +15 Maxwell's patent armour {-Cast -Tele rElec
                  | Will+ rCorr}
     1 | D        | Found the +18 shield of the Gong {rElec rN+ Will+ EV-5}
     1 | D        | Found the cursed +14 obsidian axe {vorpal, +Fly SInv
                  | *Curse}
     1 | D        | Found the +7 great mace "Firestarter" {inner flame, rF++}
     1 | D        | Found the +6 shillelagh "Devastator" {shatter}
     1 | D        | Found the +11 plutonium sword {*Contam Stlth-}
     1 | D        | Found the +8 lance "Wyrmbane" {slay drac, rPois rF+ rC+
                  | AC+3}
     1 | D        | Found the +9 sword of Zonguldrok {reap}
     1 | D        | Found the cursed +13 scythe of Curses {drain, *Curse}
     1 | D        | Found the +0 sword of Power
     1 | D        | Found the +7 mace of Variability {chain chaos}
     1 | D        | Found the +7 Singing Sword {vorpal, sonic wave}
     1 | D        | Found the +8 storm bow {elec, penet}
     2 | D        | Found a transporter.
     2 | D        | Found an ancient bone altar of Kikubaaqudgha.
     2 | D        | Found a viscous altar of Jiyva.
     2 | D        | Found a corrupted altar of Lugonu.
     2 | D        | Found a hazy altar of Hepliaklqana.
     2 | D        | Found a burning altar of Makhleb.
     2 | D        | Found an opulent altar of Gozag.
    18 | D        | Banished a spatial maelstrom
    50 | D        | Became a worshipper of Makhleb the Destroyer
    61 | D        | Entered arena 2.
    61 | D        | Noticed a bullfrog
    61 | D        | Found a transporter.
    63 | D        | Killed a bullfrog
    64 | D        | Reached skill level 5 in Conjurations
    64 | D        | Reached skill level 5 in Fire Magic
    64 | D        | Reached XP level 2. HP: 20/20 MP: 4/6
    64 | D        | Reached XP level 3. HP: 26/26 MP: 4/7
    69 | D        | Entered arena 3.
    69 | D        | Noticed a deep elf mage
    69 | D        | Noticed an earth elemental
    69 | D        | Noticed a deep elf knight
    69 | D        | Found a transporter.
    74 | D        | Killed an earth elemental
    74 | D        | Reached * piety under Makhleb
    75 | D        | Reached XP level 4. HP: 22/33 MP: 5/10
    75 | D        | Noticed a sun demon
    76 | D        | Killed a deep elf knight
    77 | D        | Reached skill level 10 in Conjurations
    77 | D        | Reached skill level 10 in Fire Magic
    77 | D        | Reached XP level 5. HP: 25/38 MP: 7/14
    77 | D        | Reached XP level 6. HP: 30/45 MP: 7/15
    77 | D        | Your scales start taking on a rich purple colour.
    77 | D        | Reached XP level 7. HP: 34/50 MP: 8/18
    78 | D        | Noticed a tarantella
    78 | D        | Noticed a jumping spider
    79 | D        | Killed a deep elf mage
    80 | D        | Reached XP level 8. HP: 39/57 MP: 8/21
   154 | D        | Learned a level 5 spell: Fireball
   183 | D        | Entered arena 4.
   183 | D        | Noticed a deep elf mage
   183 | D        | Noticed a +3 glaive of freezing
   183 | D        | Noticed a deep elf mage
   183 | D        | Noticed a deep elf mage
   183 | D        | Found a transporter.
   186 | D        | Killed a deep elf mage
   186 | D        | Reached ** piety under Makhleb
   186 | D        | Killed a deep elf mage
   187 | D        | Reached skill level 10 in Spellcasting
   190 | D        | Slain by a +3 glaive of freezing

Illustrated notes

Levels and vault maps discovered:
D:        sprint_v [room_start, room_1, room_2, room_3, room_4, room_5, room_6,
          room_7, room_8, room_9, room_10, room_11, room_12, room_13, room_14,
          room_15, room_16, room_17, room_18, room_19, room_20, room_21,
          room_22, room_23, room_24, room_25, room_26, room_27]

Skill      XL: |  1  2  3  4  5  6  7  8 |
---------------+-------------------------+-----
Conjurations   | 5 6 10 11 12 | 12.6
Spellcasting   | 3 4 6 8 9 10 | 10.0
Fire Magic     | 5 6 10 11 12 | 12.7
Dodging        | |  1.7
Stealth        | |  1.7

Action                   |  1- 3 |  4- 6 |  7- 9 || total
-------------------------+-------+-------+-------++-------
Melee: Double sword      |     4 |     2 |     2 ||     8
 Cast: Fireball          |       |       |     3 ||     3
 Abil: Breathe Dispellin |       |       |     2 ||     2
  Use: Potion            |     4 |       |     3 ||     7
 Stab: Sleeping          |     1 |       |       ||     1
Armor: Skin              |       |     1 |       ||     1
Dodge: Dodged            |     3 |     1 |     4 ||     8
       Rpst.: Double sword |       |       |     1 ||     1

Table legend: (Time is in decaauts)
 A = Elapsed time spent in this place.
 B = Non-inter-level travel time spent in this place.
 C = Inter-level travel time spent in this place.
 D = Time resting spent in this place.
 E = Time spent auto-exploring this place.
 F = Levels seen in this place.
 G = Mean time per level.
                   A        B        C        D        E       F      G
               +--------+--------+--------+--------+--------+-----+--------+
         Total |    176 |    176 |      0 |     85 |     21 |   1 |  176.0 |
       Dungeon |    176 |    176 |      0 |     85 |     21 |   1 |  176.0 |
               +--------+--------+--------+--------+--------+-----+--------+

Top non-repeatable levels by time:
       D: 176 daAuts
